Cogmind - Beta 14 @@@ ROGUE MODE // 2024.09.11 @ 02:58:02 Player: Wotf Result: Destroyed by B-75 Beast with Heavy Plasma Cannon Performance ------------- Evolutions (5) 2500 Regions Visited (10) 2000 Robots Destroyed (110) 550 Value Destroyed (2814) 2814 Prototype IDs (5) 100 Alien Tech Used (0) 0 Bonus (604) 604 TOTAL SCORE: 8568 Bonus ------- High Alert Combat Kills 104 Entered DSFs 500 Cogmind --------- Core Integrity 0/1000 Matter 150/300 Energy 100/100 System Corruption 9% Temperature Cool (12) Movement Hovering (77) Location -5/Extension Parts ------- > --- POWER (2) -------- (None) > --- PROPULSION (5) --- Combat Airjet Combat Airjet > --- UTILITY (6) ------ (None) > --- WEAPON (4) ------- (None) > --- INVENTORY (5) ---- Carbon-fiber Leg Peak State ------------ > --- POWER ------------ Micro Nuclear Core > --- PROPULSION ------- Gravmag System Gravmag System Combat Airjet Combat Airjet Combat Airjet > --- UTILITY ---------- Large Storage Unit Advanced Sensor Array Advanced Signal Interpreter Advanced ECM Suite Hacking Suite Hacking Suite > --- WEAPON ----------- High-powered Shock Rifle Gauss Cannon Gauss Cannon > --- INVENTORY -------- Light Treads Light Treads Improved Treads Improved Treads Medium Treads Large Battery Medium Matter Pod Medium Matter Pod Heavy Armor Plating Gauss Cannon Gauss Cannon Grenade Launcher Grenade Launcher Grenade Launcher [Rating: 64] Favorites ----------- Power Ion Engine Engine Ion Engine Power Core Nuclear Core Reactor Antimatter Reactor Propulsion Light Treads Treads Light Treads Wheel Wheel Hover Unit Combat Airjet Flight Unit Nuclear Pulse Array Utility Large Storage Unit Device Seismic Detector Storage Large Storage Unit Processor Advanced Signal Interpreter Hackware Hacking Suite Protection Light Armor Plating Weapon Gauss Cannon Energy Gun High-powered Shock Rifle Energy Cannon Advanced Beam Cannon Ballistic Gun Assault Rifle Ballistic Cannon Gauss Cannon Launcher Grenade Launcher Build | -11 -10 -10 -8 -7 -7 -6 -5 -5 -5 -5 ------- Run | Yrd Mat Sub Mat Fac DSF Fac Fac Was Fac Ext Slots Evolved 10 | . . . 4 2 . 2 2 . . . Power 1 | . . . . . . . 1 . . . Propulsion 3 | . . . 2 1 . . . . . . Utility 4 | . . . 2 1 . 1 . . . . Weapon 2 | . . . . . . 1 1 . . . Parts Attached 130 | 6 25 . 34 2 12 21 3 1 10 16 Power 12 | 1 3 . 3 . 1 3 . 1 . . Engine 8 | 1 3 . 1 . . 3 . . . . Core 3 | . . . 2 . 1 . . . . . Reactor 1 | . . . . . . . . 1 . . Propulsion 53 | 2 6 . 16 . 5 5 2 . 6 11 Treads 21 | . 2 . 12 . . 2 . . . 5 Leg . | . . . . . . . . . . . Wheel 8 | 2 4 . . . . . . . . 2 Hover 22 | . . . 4 . 5 3 2 . 5 3 Flight 2 | . . . . . . . . . 1 1 Utility 27 | 1 6 . 10 2 2 2 1 . 1 2 Device 8 | . 1 . 4 1 . 1 . . 1 . Storage 6 | 1 3 . . 1 . . 1 . . . Processor 2 | . . . 1 . . 1 . . . . Hackware 3 | . . . 1 . 2 . . . . . Protection 8 | . 2 . 4 . . . . . . 2 Artifact . | . . . . . . . . . . . Weapon 38 | 2 10 . 5 . 4 11 . . 3 3 Energy Gun 6 | 2 . . . . . 4 . . . . Energy Cannon 5 | . 2 . 1 . 1 . . . . 1 Ballistic Gun 10 | . 6 . 4 . . . . . . . Ballistic Cannon 11 | . . . . . 3 7 . . . 1 Launcher 6 | . 2 . . . . . . . 3 1 Special Weapon . | . . . . . . . . . . . Impact Weapon . | . . . . . . . . . . . Slashing Weapon . | . . . . . . . . . . . Piercing Weapon . | . . . . . . . . . . . Special Melee Weapon . | . . . . . . . . . . . Unidentified Prototypes 1 | . . . 1 . . . . . . . Parts Lost 44 | . . . 7 . 2 9 . . 11 15 Power 5 | . . . 1 . 1 2 . . 1 . Propulsion 18 | . . . 2 . . 2 . . 6 8 Utility 11 | . . . 2 . 1 2 . . 1 5 Weapon 10 | . . . 2 . . 3 . . 3 2 Highest Loss Streak 8 | . . . 3 . 2 8 . . 5 4 To Critical Strikes . | . . . . . . . . . . . Average Slot Usage (%) 91 | . 99 100 97 72 84 97 64 68 59 39 Engine 7 | . 14 14 2 . . 4 . . . . Core 1 | . . . 6 7 6 . . . . . Treads 14 | . 8 28 30 . . . 9 . . 10 Wheel 5 | . 19 . . . . . . . . . Hover 10 | . . . 5 30 34 32 18 29 23 6 Device 7 | . 12 . 8 7 7 12 . . . . Storage 9 | . 14 14 9 11 10 6 5 5 5 3 Processor 3 | . . . 7 7 7 6 5 5 5 3 Hackware 4 | . . . 1 . 6 13 11 11 11 5 Protection 4 | . 1 14 7 . . . . . . 1 Energy Gun 1 | . . . . . . 5 . . . . Energy Cannon 5 | . 4 14 9 7 5 . . . . 1 Ballistic Gun 10 | . 23 14 8 . . . . . . . Ballistic Cannon 3 | . . . . . 3 12 11 11 5 . Peak Build Rating 64 | 6 12 11 37 41 51 64 45 50 56 45 Average Rating 27 | 5 8 11 24 34 42 60 43 47 47 30 On Entrance 30 | . 6 11 11 37 35 51 44 42 50 45 Naked Turns 10 | . . . . . . . . . . 10 Heaviest Build 92 | 14 92 34 49 37 43 49 34 50 50 32 Greatest Support 131 | 20 40 40 86 36 54 54 50 50 54 131 Greatest Overweight (x) 9 | . 9 . 1 1 1 1 . . 1 4 Average Overweight (x) . | . . . . . . . . . . . Largest Inventory Capacity 25 | 8 25 15 15 15 15 15 15 15 15 15 Average Capacity 15 | 7 16 15 15 15 15 15 15 15 15 12 Most Carried 21 | 6 21 15 15 15 15 15 13 14 15 12 Average Carried 13 | 3 13 15 14 14 14 14 13 13 13 6 Final Capacity 15 | 8 15 15 15 15 15 15 15 15 15 5 Final Carried 15 | 6 15 15 15 15 15 13 13 14 12 1 Class Distribution -------------------- 56% | Mutant 15% | Hacker-Skirmisher 14% | Hacker-Mutant 12% | Scavenger-Mutant Dominant Class ---------------- Mutant | -10/Materials Mutant | -10/Subcaves Scavenger-Mutant | -8/Materials Scavenger-Mutant | -7/Factory Mutant | -7/DSF Hacker-Skirmisher | -6/Factory Hacker-Mutant | -5/Factory Hacker-Mutant | -5/Waste Hacker-Mutant | -5/Factory Mutant | -5/Extension Resources | -11 -10 -10 -8 -7 -7 -6 -5 -5 -5 -5 ----------- Run | Yrd Mat Sub Mat Fac DSF Fac Fac Was Fac Ext Matter Collected 2424 | 260 467 226 625 . . 575 1 151 10 109 Remotely . | . . . . . . . . . . . Salvage Created 3800 | 60 489 179 1985 . 34 626 . . 297 130 Parts 200 | 1 49 11 86 . 5 20 . . 26 2 Haulers Intercepted 3 | . 1 . 1 . . 1 . . . . Recyclers Shooed 9 | . 2 . 5 . . 2 . . . . Parts Field Recycled . | . . . . . . . . . . . Retrieved Matter . | . . . . . . . . . . . Parts Self-Destructed 6 | . . 6 . . . . . . . . Prevented . | . . . . . . . . . . . Kills | -11 -10 -10 -8 -7 -7 -6 -5 -5 -5 -5 ------- Run | Yrd Mat Sub Mat Fac DSF Fac Fac Was Fac Ext Combat Hostiles Destroyed 65 | . 16 4 29 . 2 3 . . 8 3 Guns 19 | . 11 1 7 . . . . . . . Cannons 26 | . . 2 19 . 2 3 . . . . AOE 16 | . 5 . . . . . . . 8 3 Classes Destroyed 16 | 1 7 2 4 . 1 1 . . . . Worker 12 | . 1 . 3 . . 2 . . 5 1 Builder 9 | . 1 . 2 . . 1 . . 5 . Hauler 3 | . 1 . 1 . . 1 . . . . Recycler 10 | 1 1 . 5 . . 3 . . . . Operator 3 | . 2 . . . . . . . 1 . Watcher 8 | . 3 . 2 . . 3 . . . . Swarmer 21 | . 12 . 4 . . . . . 5 . Cutter 2 | . . . . . 2 . . . . . Grunt 24 | . 4 2 14 . . 1 . . . 3 Brawler 1 | . . . 1 . . . . . . . Duelist 2 | . . . 2 . . . . . . . Sentry 7 | . . 1 5 . . 1 . . . . Specialist 2 | . . . 2 . . . . . . . Hunter 4 | . . . 1 . . . . . 3 . Programmer 1 | . . . . . . 1 . . . . Subdweller 1 | . . 1 . . . . . . . . Best Kill Streak 14 | 1 5 2 5 . 2 4 . . 14 3 Combat Bots Only 5 | . 3 2 4 . 2 1 . . 5 3 Max Kills in Single Turn 12 | 1 3 1 2 . 1 1 . . 12 2 Gunslinging . | . . . . . . . . . . . Exploded 4 | . 2 . . . . . . . 4 2 Melee . | . . . . . . . . . . . Uniques/NPCs Destroyed . | . . . . . . . . . . . Combat | -11 -10 -10 -8 -7 -7 -6 -5 -5 -5 -5 -------- Run | Yrd Mat Sub Mat Fac DSF Fac Fac Was Fac Ext Hostile Shots Fired 727 | . 66 16 166 . 38 163 . . 106 172 Missed 252 | . 20 7 41 . 17 58 . . 44 65 Damage Taken 8421 | . 442 147 1879 . 739 1335 . . 1217 2662 Core 1758 | . 106 21 148 . 256 203 . . 410 614 Absorbed by Shields 95 | . . . . . . . . . . 95 Regen/Repaired (Parts) 347 | . 55 . 292 . . . . . . . Core Remaining (%) 72 | 100 . 49 73 . 63 76 . . . . Volleys Fired 248 | 1 73 15 104 . 4 30 1 . 10 10 Largest 3 | 2 2 2 2 . 2 3 2 . 2 1 Hottest 156 | 80 88 88 93 . 136 156 96 . 96 81 Shots Fired 460 | 2 141 30 191 . 5 66 2 . 13 10 Gun 245 | 2 133 15 89 . . 6 . . . . Cannon 200 | . 5 15 102 . 5 60 2 . 6 5 Launcher 15 | . 3 . . . . . . . 7 5 Special . | . . . . . . . . . . . Kinetic 308 | . 133 15 89 . . 60 2 . 6 3 Thermal 127 | . 5 15 102 . 5 . . . . . Explosive 8 | . 3 . . . . . . . . 5 Electromagnetic 17 | 2 . . . . . 6 . . 7 2 Robot Hit Streak 15 | 1 7 5 15 . 3 6 3 . 4 4 Robot Miss Streak 5 | . 5 3 4 . 1 3 . . 2 1 Penetration Max . | . . . . . . . . . . . Secondary Targets . | . . . . . . . . . . . Shots Hit Robots 269 | 1 69 17 126 . 3 39 2 . 5 7 Core Hits 162 | 1 37 5 59 . 2 21 . . 21 16 Critical Kills 4 | . . 1 3 . . . . . . . Critical Parts Destroyed 2 | . 1 . 1 . . . . . . . Critical Strikes 12 | . 1 1 4 . . 5 . . . 1 Meltdown 4 | . . 1 3 . . . . . . . Destroy 2 | . 1 . 1 . . . . . . . Blast 6 | . . . . . . 5 . . . 1 Melee Attacks . | . . . . . . . . . . . Impact . | . . . . . . . . . . . Slashing . | . . . . . . . . . . . Piercing . | . . . . . . . . . . . Sneak Attacks . | . . . . . . . . . . . Combat Hostiles . | . . . . . . . . . . . Follow-up Attacks . | . . . . . . . . . . . Damage Inflicted 8073 | 15 896 287 2482 . 61 1164 60 . 2308 800 Guns 1622 | 15 635 100 846 . . 26 . . . . Cannons 3256 | . 41 187 1636 . 61 1138 60 . 49 84 Explosions 3195 | . 220 . . . . . . . 2259 716 Melee . | . . . . . . . . . . . Ramming . | . . . . . . . . . . . Kinetic 2884 | . 635 100 846 . . 1138 60 . 49 56 Thermal 1925 | . 41 187 1636 . 61 . . . . . Explosive 2845 | . 220 . . . . . . . 1909 716 Electromagnetic 419 | 15 . . . . . 26 . . 350 28 Impact . | . . . . . . . . . . . Slashing . | . . . . . . . . . . . Piercing . | . . . . . . . . . . . Highest Corruption 9 | . . . 2 . . . . . . 9 Average Corruption 3 | . . . 1 . . . . . . 8 Corruption Purged . | . . . . . . . . . . . Corruption Blocked . | . . . . . . . . . . . Effects 25 | . . . 16 . . . . . . 9 Message Errors 4 | . . . 2 . . . . . . 2 Matter Fused 4 | . . . 4 . . . . . . . Heat Flow Errors 2 | . . . 2 . . . . . . . Energy Discharges 5 | . . . 1 . . . . . . 4 Parts Rejected 2 | . . . 1 . . . . . . 1 Data Loss (minor) 4 | . . . 3 . . . . . . 1 Data Loss (major) 2 | . . . 2 . . . . . . . Alerts 1 | . . . . . . . . . . 1 Weapon Failures 1 | . . . 1 . . . . . . . Overload Shots . | . . . . . . . . . . . Overflow Damage 345 | . 7 . 46 . . 14 . . 278 . Projectiles 60 | . . . 46 . . 14 . . . . Explosions 285 | . 7 . . . . . . . 278 . Melee . | . . . . . . . . . . . Knockbacks 4 | . . . . . . 3 . . . 1 Impact . | . . . . . . . . . . . Kinetic 4 | . . . . . . 3 . . . 1 Secondary . | . . . . . . . . . . . Self-Inflicted Damage 204 | . . . . . . . . . 204 . Shots 5 | . . . . . . . . . 5 . Rammed . | . . . . . . . . . . . Targets Rammed . | . . . . . . . . . . . Kicked . | . . . . . . . . . . . Crushed . | . . . . . . . . . . . Highest Temperature 196 | 18 54 19 196 . 3 112 . . 24 3 Average Temperature 51 | 12 16 4 67 . 2 25 . . 10 3 Received Heat Transfer 1818 | . 54 84 639 . . 225 . . 189 627 Siege Activations . | . . . . . . . . . . . Robots Corrupted . | . . . . . . . . . . . Combat Hostiles . | . . . . . . . . . . . Parts Fried 2 | . . . . . . . . . 2 . Impact Corruptions . | . . . . . . . . . . . Robots Melted 4 | . . 1 3 . . . . . . . Combat Hostiles 4 | . . 1 3 . . . . . . . Parts Melted 5 | . . . 5 . . . . . . . Heat Transferred 3441 | . 74 333 2923 . 111 . . . . . Parts Sabotaged . | . . . . . . . . . . . Parts Stolen . | . . . . . . . . . . . Parts Stripped . | . . . . . . . . . . . Power Chain Reactions . | . . . . . . . . . . . Alert | -11 -10 -10 -8 -7 -7 -6 -5 -5 -5 -5 ------- Run | Yrd Mat Sub Mat Fac DSF Fac Fac Was Fac Ext Peak Influence 821 | 5 136 . 443 161 162 296 176 61 821 552 Initial 401 | . 3 . . 161 112 81 144 61 42 401 Average 157 | . 74 . 190 161 136 58 153 61 415 462 Maximum Alert Level 3 | . . . 2 . . 1 . . 3 2 Low Security (%) 76 | 100 100 . 58 100 100 95 100 100 40 . Level 1 11 | . . . 36 . . 4 . . 11 9 Level 2 9 | . . . 4 . . . . . 17 90 Level 3 1 | . . . . . . . . . 30 . Level 4 . | . . . . . . . . . . . Level 5 . | . . . . . . . . . . . High Security . | . . . . . . . . . . . Max Security . | . . . . . . . . . . . Squads Dispatched 14 | . 2 . 3 . 1 4 . . 3 1 Investigation 2 | . . . 1 . . . . . 1 . Extermination 1 | . . . . . . 1 . . . . Reinforcement 11 | . 2 . 2 . 1 3 . . 2 1 Assault . | . . . . . . . . . . . Garrison . | . . . . . . . . . . . Intercept . | . . . . . . . . . . . Searches Triggered . | . . . . . . . . . . . Construction Impeded 2 | . . . . . . 1 . . 1 . Haulers Reinforced 1 | . . . . . . 1 . . . . Active Scanning Responses . | . . . . . . . . . . . Cargo Convoy Interrupts . | . . . . . . . . . . . Stealth | -11 -10 -10 -8 -7 -7 -6 -5 -5 -5 -5 --------- Run | Yrd Mat Sub Mat Fac DSF Fac Fac Was Fac Ext Distress Signals 17 | . 1 . 4 . . 5 . . 5 2 Communications Jammed . | . . . . . . . . . . . Distress Signals . | . . . . . . . . . . . Times Spotted 170 | . 26 4 42 . 4 39 2 . 27 26 Peak Tracking Total 11 | . 4 2 5 . 4 11 1 . 11 11 Tactical Retreats 28 | . 1 . 3 . 1 10 . . 6 7 Traps | -11 -10 -10 -8 -7 -7 -6 -5 -5 -5 -5 ------- Run | Yrd Mat Sub Mat Fac DSF Fac Fac Was Fac Ext Traps Triggered 15 | . 2 . 4 . . 5 1 . . 3 Indirectly . | . . . . . . . . . . . Trap Hack Attempts . | . . . . . . . . . . . Triggered . | . . . . . . . . . . . Disarmed . | . . . . . . . . . . . Reprogrammed . | . . . . . . . . . . . Reused . | . . . . . . . . . . . Traps Extracted . | . . . . . . . . . . . Installed . | . . . . . . . . . . . Triggered . | . . . . . . . . . . . Machines | -11 -10 -10 -8 -7 -7 -6 -5 -5 -5 -5 ---------- Run | Yrd Mat Sub Mat Fac DSF Fac Fac Was Fac Ext Machines Disabled 12 | . . . . . . . . . 12 . Max in Single Turn 5 | . . . . . . . . . 5 . Garrison Access 2 | . . . 1 . . 1 . . . . Machines Repaired . | . . . . . . . . . . . Machines Dismantled . | . . . . . . . . . . . Machines Sabotaged . | . . . . . . . . . . . Overloaded Fab Kills . | . . . . . . . . . . . Hacking | -11 -10 -10 -8 -7 -7 -6 -5 -5 -5 -5 --------- Run | Yrd Mat Sub Mat Fac DSF Fac Fac Was Fac Ext Machines Accessed 24 | . 7 . 9 1 . 3 1 . 3 . Terminals 15 | . 5 . 4 1 . 1 1 . 3 . Fabricators . | . . . . . . . . . . . Repair Stations 3 | . 1 . 2 . . . . . . . Recycling Units 3 | . 1 . 1 . . 1 . . . . Scanalyzers 1 | . . . 1 . . . . . . . Garrison Access 2 | . . . 1 . . 1 . . . . Total Hacks 70 | . 24 . 30 2 . 5 3 . 6 . Successful 40 | . 15 . 17 1 . 5 . . 2 . Failed 30 | . 9 . 13 1 . . 3 . 4 . Catastrophic 5 | . . . 4 . . . . . 1 . Database Lockouts . | . . . . . . . . . . . Manual 22 | . 11 . 8 . . 1 . . 2 . Terminals 47 | . 19 . 14 2 . 3 3 . 6 . Fabricators . | . . . . . . . . . . . Repair Stations 10 | . 2 . 8 . . . . . . . Recycling Units 5 | . 3 . 1 . . 1 . . . . Scanalyzers 4 | . . . 4 . . . . . . . Garrison Access 4 | . . . 3 . . 1 . . . . Terminal Hacks 19 | . 9 . 4 1 . 3 . . 2 . Record 3 | . . . . . . 3 . . . . Robot Analysis 3 | . 2 . 1 . . . . . . . Prototype ID Bank 3 | . 3 . . . . . . . . . Open DSF 2 | . . . . 1 . . . . 1 . Branch Access Points 1 | . . . 1 . . . . . . . Terminal Index 1 | . . . . . . . . . 1 . Unreport Threat 2 | . 1 . 1 . . . . . . . Dispatch Records 1 | . 1 . . . . . . . . . Hauler Manifests 1 | . 1 . . . . . . . . . Zone Layout 2 | . 1 . 1 . . . . . . . Fabricator Hacks . | . . . . . . . . . . . Repair Station Hacks 9 | . 2 . 7 . . . . . . . Scan Component 5 | . 1 . 4 . . . . . . . Repair 4 | . 1 . 3 . . . . . . . Recycling Unit Hacks 1 | . 1 . . . . . . . . . Retrieve Matter 1 | . 1 . . . . . . . . . Scanalyzer 4 | . . . 4 . . . . . . . Insert Component 2 | . . . 2 . . . . . . . Analyze 2 | . . . 2 . . . . . . . Garrison Access Hacks 2 | . . . 1 . . 1 . . . . Seal Access 2 | . . . 1 . . 1 . . . . Unauthorized Hacks 5 | . 3 . 1 . . 1 . . . . Terminals 2 | . 2 . . . . . . . . . Track 1 | . 1 . . . . . . . . . Botnet 1 | . 1 . . . . . . . . . Fabricators . | . . . . . . . . . . . Repair Stations . | . . . . . . . . . . . Recycling Units 3 | . 1 . 1 . . 1 . . . . Reject 3 | . 1 . 1 . . 1 . . . . Scanalyzers . | . . . . . . . . . . . Garrison Access . | . . . . . . . . . . . Data Cores Recovered 1 | . . . . . . . . . 1 . Used . | . . . . . . . . . . . Hacking Detections 19 | . 6 . 8 . . 2 1 . 2 . Full Trace Events 3 | . . . 2 . . . . . 1 . Feedback Events . | . . . . . . . . . . . Feedback Blocked . | . . . . . . . . . . . Robot Schematics Acquired . | . . . . . . . . . . . Robots Built . | . . . . . . . . . . . Authchips . | . . . . . . . . . . . Time . | . . . . . . . . . . . Total Robot Build Rating . | . . . . . . . . . . . Part Schematics Acquired 2 | . . . 2 . . . . . . . Parts Built . | . . . . . . . . . . . Authchips . | . . . . . . . . . . . Time . | . . . . . . . . . . . Total Part Build Rating . | . . . . . . . . . . . Parts Repaired 4 | . 1 . 3 . . . . . . . Time 110 | . 26 . 84 . . . . . . . Parts Recycled . | . . . . . . . . . . . Recycled Matter . | . . . . . . . . . . . Retrieved Matter 137 | . 137 . . . . . . . . . Retrieved Components . | . . . . . . . . . . . Parts Scanalyzed 2 | . . . 2 . . . . . . . Part Schematics Acquired 2 | . . . 2 . . . . . . . Parts Damaged 1 | . . . 1 . . . . . . . Bothacking | -11 -10 -10 -8 -7 -7 -6 -5 -5 -5 -5 ------------ Run | Yrd Mat Sub Mat Fac DSF Fac Fac Was Fac Ext Used RIF Installer . | . . . . . . . . . . . Robots Hacked . | . . . . . . . . . . . Non-combat . | . . . . . . . . . . . Combat . | . . . . . . . . . . . Robot Hacks Applied . | . . . . . . . . . . . Relay Couplers Released . | . . . . . . . . . . . Fabnet Peak Effective % . | . . . . . . . . . . . Robots Rewired . | . . . . . . . . . . . Allies Hacked . | . . . . . . . . . . . Hacks Repelled . | . . . . . . . . . . . Allies | -11 -10 -10 -8 -7 -7 -6 -5 -5 -5 -5 -------- Run | Yrd Mat Sub Mat Fac DSF Fac Fac Was Fac Ext Total Allies . | . . . . . . . . . . . Largest Group . | . . . . . . . . . . . Highest-Rated Group . | . . . . . . . . . . . Highest-Rated Ally . | . . . . . . . . . . . Total Orders . | . . . . . . . . . . . Ally Attacks . | . . . . . . . . . . . Total Damage . | . . . . . . . . . . . Kills . | . . . . . . . . . . . Allies Corrupted . | . . . . . . . . . . . Allies Melted . | . . . . . . . . . . . Intel | -11 -10 -10 -8 -7 -7 -6 -5 -5 -5 -5 ------- Run | Yrd Mat Sub Mat Fac DSF Fac Fac Was Fac Ext Robot Analysis Total 3 | . 2 . 1 . . . . . . . Derelict Logs Recovered 1 | . . 1 . . . . . . . . Drone Launches . | . . . . . . . . . . . Drone Recoveries . | . . . . . . . . . . . Exploration | -11 -10 -10 -8 -7 -7 -6 -5 -5 -5 -5 ------------- Run | Yrd Mat Sub Mat Fac DSF Fac Fac Was Fac Ext Turns Passed 6764 | 53 1809 989 1469 27 88 1318 98 45 374 494 Spaces Moved 4997 | 41 884 586 753 43 103 1594 82 73 472 366 Core 16 | 1 1 . . . . . . . . 14 Treads 1404 | . 198 586 501 . . 9 . . . 110 Legs . | . . . . . . . . . . . Wheels 749 | 40 685 . . . . . . . . 24 Hover 2787 | . . . 252 43 103 1585 82 73 472 177 Flight 41 | . . . . . . . . . . 41 Fastest Speed 40 | 50 80 160 48 48 48 58 58 58 53 40 Average Speed 99 | 79 125 160 133 53 54 59 109 58 69 111 Slowest Speed 500 | 80 500 160 160 108 112 160 114 58 124 240 Overloaded Moves . | . . . . . . . . . . . Propulsion Burnouts . | . . . . . . . . . . . Robots Hopped 1 | . . . . . . . . . . 1 Cave-ins Triggered . | . . . . . . . . . . . Exploration Rate (%) 42 | 3 95 51 57 2 90 21 4 71 19 57 Regions Visited 10 Branch Regions 2 Pre-discovered Areas 1 | . . 1 . . . . . . . . Known Exits Taken 1 | . . . . 1 . . . . . . Unknown Exits Taken 6 | 1 1 1 1 . . 1 . . 1 . Scrap Searched 4 | . . 4 . . . . . . . . Spaces Dug . | . . . . . . . . . . . Terrain Destroyed 138 | . 24 . . . . 17 1 . 76 20 Melee . | . . . . . . . . . . . Projectile 19 | . . . . . . 17 1 . . 1 AOE 119 | . 24 . . . . . . . 76 19 Terrain Rammed . | . . . . . . . . . . . Walls Destroyed . | . . . . . . . . . . . Machines Disabled . | . . . . . . . . . . . Actions | -11 -10 -10 -8 -7 -7 -6 -5 -5 -5 -5 --------- Run | Yrd Mat Sub Mat Fac DSF Fac Fac Was Fac Ext Total 6355 | 56 1462 610 1029 47 130 1913 87 74 506 441 Wait 797 | 3 432 4 99 . 1 229 . . 5 24 Move 4986 | 40 883 585 752 42 102 1593 82 72 471 364 Hop 1 | . . . . . . . . . . 1 Pick Up 84 | 6 25 3 17 . 4 20 . 1 5 3 Fast Attach 58 | 6 8 . 11 1 8 15 1 1 3 4 Attach 36 | . 3 . 10 1 1 4 . . 5 12 Detach 2 | . . . . 1 . . . . 1 . Swap 36 | . 14 . 13 . 3 2 2 . 2 . Drop 86 | . 24 3 23 2 7 20 1 . 4 2 Fire 248 | 1 73 15 104 . 4 30 1 . 10 10 Melee . | . . . . . . . . . . . Ram . | . . . . . . . . . . . Kick . | . . . . . . . . . . . Crush . | . . . . . . . . . . . Escape Stasis 21 | . . . . . . . . . . 21 Rewire . | . . . . . . . . . . . Trap . | . . . . . . . . . . . Miscellaneous . | . . . . . . . . . . . Route ------- -11/Scrapyard -10/Materials (discovered 6 exits: [*Mat x3] / [*Min x2] / [*Sub]) -10/Subcaves -8/Materials -7/Factory -7/DSF -6/Factory -5/Factory -5/Waste -5/Factory -5/Extension History --------- Turn | Location | Event 14 | -11/Scrapyard | Discovered new exit (range 16) 54 | -11/Scrapyard | Entered Materials 317 | -10/Materials | Build established: Mutant 465 | -10/Materials | Discovered new exit (range 16) 716 | -10/Materials | Discovered new exit (range 16) 966 | -10/Materials | Discovered new exit (range 15) 1277 | -10/Materials | Discovered new exit (range 16) 1316 | -10/Materials | Discovered new exit (range 15) 1836 | -10/Materials | Repaired Lgt. Armor Plating 1855 | -10/Materials | Discovered new exit (range 6) 1863 | -10/Materials | Entered Subcaves 1881 | -10/Subcaves | Learned Materials non-interactive machine intel 2053 | -10/Subcaves | A swath of the cavern ceiling suddenly collapsed 2232 | -10/Subcaves | Learned location of Zion (-6) 2232 | -10/Subcaves | Met a Zionite searching for "candidates" 2441 | -10/Subcaves | Shifting Twisted Machinery released Sub. Monowheel 2449 | -10/Subcaves | Shifting Twisted Machinery released Sub. Optics 2585 | -10/Subcaves | A swath of the cavern ceiling suddenly collapsed 2786 | -10/Subcaves | Discovered new exit (range 10) 2814 | -10/Subcaves | Disturbed a concealed Subdweller 2821 | -10/Subcaves | Core integrity fell below 50% 2852 | -10/Subcaves | Entered Materials 2852 | -8/Materials | Evolved 4 slots: Propulsion x2, Utility x2 2853 | -8/Materials | Loaded intel: 34 non-interactive machine locations 3390 | -8/Materials | Repaired Lgt. Armor Plating 3417 | -8/Materials | Repaired Lgt. Armor Plating 3764 | -8/Materials | Build established: Scavenger-Mutant 3894 | -8/Materials | Repaired Imp. Treads 3977 | -8/Materials | Lost 3 parts (1n1u1w) 4118 | -8/Materials | Discovered new exit (range 11) 4321 | -8/Materials | Entered Factory 4321 | -7/Factory | Evolved 2 slots: Propulsion x1, Utility x1 4348 | -7/Factory | Identified exit to DSF 4348 | -7/Factory | Entered DSF 4360 | -7/DSF | Build established: Mutant 4366 | -7/DSF | Additional patrols routed to DSF 4428 | -7/DSF | Discovered new exit (range 11) 4436 | -7/DSF | Entered Factory 4436 | -6/Factory | Evolved 2 slots: Utility x1, Weapon x1 4837 | -6/Factory | Build established: Hacker-Skirmisher 5718 | -6/Factory | Discovered new exit (range 10) 5750 | -6/Factory | Lost 8 parts (1p2n2u3w) 5754 | -6/Factory | Entered another Factory area 5754 | -5/Factory | Evolved 2 slots: Power x1, Weapon x1 5852 | -5/Factory | Sucked down chute 5852 | -5/Factory | Entered Waste 5852 | -5/Waste | The area was eerily silent 5891 | -5/Waste | Discovered new exit (range 11) 5897 | -5/Waste | Entered Factory 5966 | -5/Factory | Build established: Hacker-Mutant 6123 | -5/Factory | Lost 4 parts (3n1w) 6204 | -5/Factory | Lost 5 parts (1p1n1u2w) 6267 | -5/Factory | Discovered new exit (range 4) 6271 | -5/Factory | Entered Extension 6408 | -5/Extension | Spotted B-75 Beast 6426 | -5/Extension | Core integrity fell below 50% 6550 | -5/Extension | Lost 4 parts (1n2u1w) 6627 | -5/Extension | Released all parts (3) 6648 | -5/Extension | Lost 4 parts (2n1u1w) 6655 | -5/Extension | Core integrity fell below 20% 6699 | -5/Extension | Lost 3 parts (2n1u) 6755 | -5/Extension | Spotted B-75 Beast 6765 | -5/Extension | Destroyed by B-75 Beast with Heavy Plasma Cannon Last Messages --------------- 06704_ FYQQO8#ED&VBLI,CK9CNRV=LIO 06704_ Acquired Cmb. Airjet. 06710_ W-25 Informer sends out distress signal. 06716_ U-05 Engineer lays Concrete. 06726_ System corrupted: Energy discharge (-21). 06746_ TBYUMH1LRDITTKSPMR=F OETWIZ 06748_ Slug penetrates Wall. 06753_ Machine disabled. 06756_ Imp. Light Armor Plating destroyed. 06756_ Nuclear Pulse Array destroyed. 06757_ Door Terminal disabled. 06757_ Slug penetrates Wall. 06758_ Penetrated by Slug. 06759_ Cmb. Airjet blasted off. 06759_ Knocked back. 06760_ Penetrated by Slug. 06761_ Slug penetrates R-10 Processor. 06762_ Knocked back. 06763_ Slug penetrates A-15 Conveyor. 06763_ Acquired 3 matter. Map ----- +----------------------------------------------------+ | ??# #??????# #???????????????????????????????????? | | ??# #??????# #???????????????????????????????????? | | ??# #??????# #???????????????????????????????????? | | ??# #??????# #???????????????????????????????????? | | ?? #??????# #???????????????????????????????????? | | ??#+#??????# #???????????????????????????????????? | | ???????????# #???????????????????????????????????? | | ???????????" #???????????????????????????????????? | | ???????????# #???????????????????????????????????? | | ???????????# #????????? ?????????????????????????? | | ???????????# #????????? ?????????????????????????? | | ???????????# #????????? #????????????????????????? | | ???????????# #????????? #????????????????????????? | | ???????????# #????????# #????????????????????????? | | ???????????# #????????# #????????????????????????? | | ???????????# #?##?????# #????????????????????????? | | ???????????# #?# #????# #????????????????????????? | | ???????????# #?#"####?# #????????????????????????? | | ?????????### ### ## ###R###??????????????????????? | | ???????###"" ""Y Y "" ""#??????????????????????? | | ???????# "% " " #??????????????????????? | | ????????## u #??????????????????????? | | ?????????# #??????????????????????? | | ########## % = ############???????????? | | ????????? | | @ ????????? | | ????????? | | ????????? | | BB R A R ?????????? | | ########## BB BB ######;#######?????????? | | ?????????# BB #??????#???????????????? | | ?????????# #??????????????????????? | | ?????????# #??????????????????????? | | ?????????# #??????????????????????? | | ?????????###### #"""#######??????????????????????? | | ??????????????##?????????????????????????????????? | | ?????????????????????????????????????????????????? | | | | | | | | | | | | | | | | | | | | | | | | | | | +----------------------------------------------------+ Best States ------------- Heat Dissipation 59 Coolant Potential 50 Energy Generation 21 Energy Capacity 440 Matter Stores 300 Matter Capacity 300 Sight Range 16 Robot Scan Range 16 Terrain Scan Density 10 ECM Strength 2 Armor Coverage 750 Evasion (%) 62 Targeting Accuracy 8 Recoil Reduction 5 Offensive Hacking 20 Item Schematics ----------------- Imp. Treads | -8/Materials | Scanalyzed Grenade Launcher | -8/Materials | Scanalyzed Robot Schematics ------------------ None Fabricated ------------ Nothing Alien Tech Used ----------------- None Achievements -------------- None Challenges ------------ None Game ------ Seed NuclearTransportWeb Manual? 0 Play Time 01:20:47 Cumulative 53.2 hours Start 2024.09.07 @ 15:31:15 End 2024.09.11 @ 02:58:02 Sessions 3 Manual Loads 0 Difficulty Rogue Special Mode None Game No. 40 Rogue 28 Adventurer 12 Explorer 0 Win Type - Total 1 Types 1/0/0/0/0/0/0/0/0 Lore% 12 Gallery% 29 Achievement% 30 Wizard Run 0 Options --------- Layout 0 ASCII 0 Keyboard 0 Movement Numpad Keybinds 0 Fullscreen 2 Font 18/SmallcapsGlow Map View 76x50 Zoom Use 1% Tactical HUD 1 Map Filters NONE Filters NONE Steam 1 RUN: e66759bc-8d6d-49aa-9e3f-4919a59f1aa7